 Dungeon Crawl Stone Soup version 0.24.1-11-gbbbb2193e6 (webtiles) character file.

Game seed: 12812228211442840592, levelgen mode: deterministic

7707 Hugehornet the Transmogrifier (level 11, -4/64 HPs)
             Began as an Octopode Transmuter on May 11, 2020.
             Was an Elder of Cheibriados.
             Hit by a javelin thrown by Urug (11 damage)
             ... on level 2 of the Lair of Beasts.
             The game lasted 00:45:48 (13646 turns).

Hugehornet the Transmogrifier (OpTm)               Turns: 13646, Time: 00:45:50

Health: -4/64      AC:  1    Str: 24      XL:     11   Next: 19%
Magic:  9/21       EV: 15    Int: 30      God:    Cheibriados [****..]
Gold:   420        SH:  0    Dex: 19 (20) Spells: 0/24 levels left

rFire    . . .     SeeInvis +     - Unarmed
rCold    + . .     Gourm    .   (no shield)
rNeg     . . .     Faith    .   (helmet restricted)
rPois    +         Spirit   .   (no amulet)
rElec    .         Reflect  .   d - ring of protection from cold (curse)
rCorr    +         Harm     .   e - ring of stealth
MR       .....     Clarity  +   f - +6 ring of strength
Stlth    ++++++....             l - ring of flight
HPRegen  0.20/turn              q - ring of stealth
MPRegen  0.17/turn              r - ring of see invisible
                                w - ring of resist corrosion
                                J - ring of poison resistance

@: very slow
A: almost no armour, stealthy swim, amphibious, 8 rings, constrict 8, camouflage
1, clarity, clever 1, clumsy 1, deterioration 1, poison resistance, gelatinous
body 1
a: Bend Time, Temporal Distortion, Slouch, Renounce Religion, Evoke Flight


You were on level 2 of the Lair of Beasts.
You worshipped Cheibriados.
Cheibriados was greatly pleased with you.
You were very hungry.

You visited 3 branches of the dungeon, and saw 13 of its levels.

You collected 420 gold pieces.

Inventory:

Missiles
 a - 59 arrows
Armour
 s - a +0 buckler
Jewellery
 d - a cursed ring of protection from cold (left tentacle)
 e - a ring of stealth (right tentacle)
 f - a +6 ring of strength (on tentacle)
 l - a ring of flight (on tentacle)
 q - a ring of stealth (on tentacle)
 r - a ring of see invisible (on tentacle)
 w - a ring of resist corrosion (on tentacle)
 J - a ring of poison resistance (on tentacle)
Wands
 m - a wand of iceblast (6)
 I - a wand of disintegration (19)
Scrolls
 b - 2 scrolls of fog {unknown}
 h - 4 scrolls of random uselessness
 j - 2 scrolls of amnesia {unknown}
 k - a scroll of fear {unknown}
 o - 2 scrolls of enchant armour {unknown}
 p - 3 scrolls of enchant weapon
 t - 2 scrolls of magic mapping {unknown}
 y - 2 scrolls of teleportation
 z - 3 scrolls of remove curse {unknown}
 B - a scroll of acquirement {unknown}
 D - a scroll of immolation {unknown}
 E - a scroll of noise {unknown}
 F - a scroll of blinking {unknown}
 G - a scroll of silence {unknown}
 H - a scroll of vulnerability {unknown}
Potions
 g - a potion of ambrosia
 i - a potion of flight
 n - 2 potions of resistance
 v - a potion of cancellation
 x - 2 potions of might
 A - a potion of curing
 C - 2 potions of agility
Comestibles
 c - 13 rations


   Skills:
 + Level 2.2 Fighting
 + Level 2.9 Dodging
 + Level 2.9 Stealth
 + Level 1.8 Shields
 * Level 8.2 Unarmed Combat
 + Level 7.1 Spellcasting
 - Level 3.1 Conjurations
 - Level 1.0 Translocations
 - Level 9.0 Transmutations
 + Level 0.9 Fire Magic
 - Level 6.1 Ice Magic
 - Level 3.0 Air Magic
 - Level 3.2 Poison Magic
 + Level 2.1 Invocations


You couldn't memorise any spells.
You knew the following spells:

 Your Spells              Type           Power        Failure   Level  Hunger
a - Beastly Appendage     Tmut           ######       1%          1    None
b - Sticks to Snakes      Tmut           ######..     1%          2    None
c - Spider Form           Tmut/Pois      #####.....   1%          3    None
d - Ice Form              Ice/Tmut       ######..     1%          4    ##.....
e - Blade Hands           Tmut           ######....   3%          5    ####...
f - Blink                 Tloc           N/A          4%          2    None
g - Magic Dart            Conj           ####         1%          1    None
h - Mephitic Cloud        Conj/Pois/Air  ####....     3%          3    None
i - Conjure Flame         Conj/Fire      ###.....     6%          3    None

Your spell library contained the following spells:

 Spells                   Type           Power        Failure   Level  Hunger
 Passwall                 Tmut/Erth      #####...     1%          2    None
 Searing Ray              Conj           ####..       1%          2    None
 Sandblast                Erth           ##....       4%          1    None
 Call Imp                 Summ           ##......     7%          2    None
 Slow                     Hex            ##......     7%          2    None
 Dazzling Spray           Conj/Hex       ###...       8%          3    None
 Stone Arrow              Conj/Erth      ###...       8%          3    None
 Petrify                  Tmut/Erth      #####...     8%          4    ##.....
 Iskenderun's Mystic Bla  Conj           ####....     13%         4    ##.....
 Force Lance              Conj/Tloc      ###.....     21%         4    ##.....
 Fulminant Prism          Conj/Hex       ###.......   24%         4    ##.....
 Lee's Rapid Deconstruct  Erth           ##........   78%         5    ####...


Dungeon Overview and Level Annotations

Branches:
Dungeon (10/15)            Temple (1/1) D:5            Lair (1/6) D:9
    Orc: D:9-12

Altars:
Cheibriados
Dithmenos
Elyvilon
Fedhas
Gozag
Hepliaklqana
Makhleb
Qazlal
Trog
Uskayaw
Vehumet
Wu Jian

Shops:
D:5 :   D:9 [

Annotations:
Lair:2 Urug


Innate Abilities, Weirdness & Mutations

You cannot wear most types of armour.
You are very stealthy in the water. (Stealth+)
You are amphibious.
You can wear up to eight rings at the same time.
You can use your tentacles to constrict eight enemies at once.
Your skin changes colour to match your surroundings (Stealth+).
Your rubbery body absorbs attacks. (AC +1, EV +1)
You possess an exceptional clarity of mind.
Your mind is acute. (Int +2)
You are clumsy. (Dex -2)
Your body sometimes deteriorates upon taking damage.
Your system is resistant to poisons. (rPois)


Message History

Aiming: Mephitic Cloud (safe; 3% risk of failure)
Press: ? - help, Shift-Dir - straight line, f - blink frog
Aim: a blink frog (lightly wounded)
The ball explodes into a vile cloud!
The stinking cloud engulfs the blink frog but does no damage.
The blink frog is lightly wounded.
The stinking cloud engulfs the blink frog but does no damage.
The blink frog is engulfed in noxious fumes.
The blink frog appears confused.
The blink frog is engulfed in noxious fumes.
The blink frog appears confused.
The blink frog is engulfed in noxious fumes.
The blink frog appears confused.
The blink frog is engulfed in noxious fumes.
The blink frog appears confused.
Urug the Orcish Ballista comes into view.
She is wielding a +2 demon trident.
The blink frog closely misses you.
Urug screams, "Bird-brain!"
Urug throws a javelin.
The javelin pierces through you!
You die...

#.....†.# #...?...#
##.#....#
##.#..##### ##
###......##.###.####
.......§.§#☼...#...
..........F☼....#
.........○§☼F.##
#..##.###....@# ###
########..##
##P##.#.###.#).#
.........#.....#..
...............o...
...................
##.#.##.....##!####
#♣≈P.≈.≈###
#≈≈≈≈P≈≈#


You could see Urug and 2 blink frogs.

Vanquished Creatures
  A hydra (Lair:1)
  An elephant (D:9)
  3 spiny frogs (Lair:1)
  A komodo dragon (Lair:2)
  3 blink frogs (Lair:2)
  Sigmund (D:3)
  6 yaks (Lair:1)
  A basilisk (D:9)
  Menkaure (D:5)
  2 water moccasins (Lair:1)
  A porcupine (Lair:1)
  Duvessa (D:4)
  A black bear (D:8)
  3 orc warriors
  An ice beast (D:8)
  A sky beast (D:8)
  4 ogres
  A centaur (D:9)
  2 crocodiles
  3 bullfrogs
  A big kobold (D:6)
  Dowan (D:4)
  2 scorpions
  4 wights (D:9)
  6 killer bees (D:9)
  2 howler monkeys
  A crimson imp (D:8)
  A bullfrog zombie (D:5)
  4 hounds
  A quasit (D:9)
  2 orc priests
  3 iguanas
  12 orc wizards
  3 worker ants
  A worker ant zombie (D:5)
  A howler monkey zombie (D:9)
  3 gnolls (D:4)
  9 adders
  4 worms
  2 dart slugs
  5 leopard geckos
  30 orcs
  3 bats
  9 giant cockroaches
  11 goblins
  9 hobgoblins
  11 jackals
  3 quokkas
  3 ball pythons
  3 frilled lizards
  A jackal zombie (D:5)
  8 kobolds
  A leopard gecko skeleton (D:4)
  A quokka zombie (D:5)
  10 rats
209 creatures vanquished.

Vanquished Creatures (collateral kills)
  A death yak (D:9)
  2 hungry ghosts
  A black bear (D:7)
  A jelly (D:8)
  2 orcs (D:8)
7 creatures vanquished.

Vanquished Creatures (others)
  5 fungi
  2 plants (Lair:1)
7 creatures vanquished.

Grand Total: 223 creatures vanquished

Notes
Turn   | Place    | Note
-------+----------+-------------------------------------------
     0 | D:1      | Hugehornet the Octopode Transmuter began the quest for the
                  | Orb.
     0 | D:1      | Reached XP level 1. HP: 13/13 MP: 3/3
   141 | D:1      | Reached XP level 2. HP: 11/18 MP: 1/5
   500 | D:1      | Learned a level 2 spell: Sticks to Snakes
   963 | D:2      | Reached skill level 3 in Transmutations
   997 | D:2      | Reached XP level 3. HP: 5/23 MP: 3/6
  1284 | D:2      | Learned a level 3 spell: Spider Form
  1343 | D:2      | Found a shadowy altar of Dithmenos.
  1390 | D:2      | Reached skill level 1 in Poison Magic
  1747 | D:2      | Reached XP level 4. HP: 6/28 MP: 6/8
  2716 | D:3      | Reached XP level 5. HP: 20/33 MP: 9/9
  3080 | D:3      | Learned a level 4 spell: Ice Form
  3088 | D:3      | Found a faded altar of an unknown god.
  3261 | D:3      | Noticed Sigmund
  3304 | D:3      | Killed Sigmund
  3304 | D:3      | Reached skill level 4 in Transmutations
  3304 | D:3      | Reached skill level 1 in Ice Magic
  3304 | D:3      | Reached XP level 6. HP: 38/38 MP: 7/10
  3699 | D:4      | Learned a level 1 spell: Magic Dart
  3977 | D:4      | Reached XP level 7. HP: 43/43 MP: 9/12
  3982 | D:4      | Learned a level 2 spell: Blink
  4276 | D:4      | Noticed Duvessa
  4377 | D:4      | Killed Duvessa
  4377 | D:4      | Reached skill level 1 in Translocations
  4553 | D:4      | Noticed Dowan
  4809 | D:4      | Found a hazy altar of Hepliaklqana.
  4813 | D:4      | Found a burning altar of Makhleb.
  4814 | D:4      | Found a blossoming altar of Fedhas.
  4872 | D:4      | Killed Dowan
  4872 | D:4      | Reached skill level 5 in Transmutations
  4987 | D:5      | Entered Level 5 of the Dungeon
  5237 | D:5      | Reached XP level 8. HP: 48/48 MP: 11/13
  5539 | D:5      | Gained mutation: You are clumsy. (Dex -2) [potion of
                  | mutation]
  5539 | D:5      | Gained mutation: One of your tentacles bears a spike.
                  | [potion of mutation]
  5636 | D:5      | Noticed Menkaure
  5644 | D:5      | Killed Menkaure
  5838 | D:5      | Found Raduruk's Book Emporium.
  5898 | D:5      | Found a staircase to the Ecumenical Temple.
  5918 | Temple   | Entered the Ecumenical Temple
  6123 | Temple   | Became a worshipper of Cheibriados the Contemplative
  6518 | D:6      | Found a stormy altar of Qazlal.
  6944 | D:6      | Reached skill level 6 in Transmutations
  7035 | D:6      | Reached skill level 5 in Unarmed Combat
  7562 | D:7      | Reached skill level 5 in Ice Magic
  7776 | D:7      | Reached * piety under Cheibriados
  8088 | D:7      | Reached XP level 9. HP: 44/53 MP: 1/16
  8289 | D:7      | Found a bloodstained altar of Trog.
  9116 | D:8      | Reached skill level 5 in Spellcasting
  9116 | D:8      | Reached skill level 7 in Transmutations
  9232 | D:8      | Learned a level 5 spell: Blade Hands
  9696 | D:8      | Reached ** piety under Cheibriados
 10352 | D:8      | Lost mutation: One of your tentacles bears a spike. [potion
                  | of mutation]
 10352 | D:8      | Gained mutation: Your system is resistant to poisons.
                  | (rPois) [potion of mutation]
 10352 | D:8      | Gained mutation: Your body sometimes deteriorates upon
                  | taking damage. [potion of mutation]
 10352 | D:8      | Gained mutation: You possess an exceptional clarity of
                  | mind. [potion of mutation]
 10352 | D:8      | Gained mutation: Your mind is acute. (Int +2) [potion of
                  | mutation]
 10573 | D:9      | Reached skill level 8 in Transmutations
 10931 | D:9      | Noticed a death yak
 10942 | D:9      | Found Baheqegh's Antique Armour Emporium.
 11085 | D:9      | Noticed an elephant
 11095 | D:9      | Killed an elephant
 11303 | D:9      | Reached XP level 10. HP: 58/58 MP: 14/18
 11456 | D:9      | Reached *** piety under Cheibriados
 11785 | D:9      | Learned a level 3 spell: Mephitic Cloud
 12025 | D:9      | Found a staircase to the Lair.
 12086 | D:9      | Killed a death yak
 12086 | D:9      | Reached skill level 1 in Conjurations
 12086 | D:9      | Reached skill level 9 in Transmutations
 12086 | D:9      | Reached skill level 1 in Air Magic
 12408 | D:10     | Entered Level 10 of the Dungeon
 12408 | D:10     | Noticed a centaur warrior
 12419 | Lair:1   | Entered Level 1 of the Lair of Beasts
 12462 | Lair:1   | Noticed a spiny frog
 12468 | Lair:1   | Killed a spiny frog
 12621 | Lair:1   | Noticed a seven-headed hydra
 12956 | Lair:1   | Noticed a spiny frog
 12962 | Lair:1   | Killed a spiny frog
 12962 | Lair:1   | Reached skill level 1 in Stealth
 13231 | Lair:1   | Noticed a spiny frog
 13239 | Lair:1   | Killed a spiny frog
 13239 | Lair:1   | Reached **** piety under Cheibriados
 13239 | Lair:1   | Reached skill level 1 in Shields
 13239 | Lair:1   | Reached skill level 1 in Invocations
 13284 | Lair:1   | Noticed an eight-headed hydra
 13294 | Lair:1   | Killed an eight-headed hydra
 13294 | Lair:1   | Reached XP level 11. HP: 50/64 MP: 13/21
 13392 | Lair:1   | Learned a level 3 spell: Conjure Flame
 13580 | Lair:1   | You fall into a shaft and drop 1 floor!
 13646 | Lair:2   | Noticed Urug
 13646 | Lair:2   | Hit by a javelin thrown by Urug

Levels and vault maps discovered:
D:1:      dpeg_arrival_tiny_j, layout_basic
D:2:      layout_basic, nicolae_dithmenos_shadow_blocks
D:3:      layout_rooms, chequers_ecumenical_altar_simple_redux, first_ration,
          uniq_sigmund
D:4:      layout_loops_ring, minitemple, uniq_duvessa
D:5:      layout_loops_ring, minmay_temple_entry_nine_rooms, serial_shops,
          kennysheep_mini_moat, uniq_menkaure
D:6:      layout_loops_ring, nicolae_qazlal_eye_of_the_storm
D:7:      layout_gridville, trog_ov_bears_minmay
D:8:      layout_rooms, serial_co_window_serial, co_window_corner_a,
          co_window_paths_a, co_window_of_opportunity_a, co_window_paths_a,
          co_window_of_opportunity_a, co_window_paths_c, co_window_paths_c,
          co_window_2corner, co_window_sun, glass_columns_a, glass_columns_a,
          glass_columns_b
D:9:      layout_stronghold, david_lair_generic, serial_shops,
          nicolae_shop_stone
D:10:     layout_rooms, david_orc_2, ebering_ghost_gozag, basic_altar
Temple:   regret_index_temple_sphere_string
Lair:1:   layout_regular_city
Lair:2:   layout_concentric_octagons, grunt_megastairs_5,
          infiniplex_staircase_pool, lemuel_fruit_tree, lemuel_fruit_fields,
          serial_bayou_shore_b, uniq_urug

Skill      XL: |  1  2  3  4  5  6  7  8  9 10 11 |
---------------+----------------------------------+-----
Transmutations | 3 4 5 6 8 9 |  9.0
Poison Magic   | 1 2 3 |  3.2
Spellcasting   | 3 4 5 7 |  7.1
Ice Magic      | 1 2 3 5 6 |  6.1
Unarmed Combat | 4 5 6 8 |  8.2
Translocations | 1 |  1.0
Conjurations   | 3 |  3.1
Air Magic      | 3 |  3.0
Stealth        | 2 |  2.9
Shields        | 1 |  1.8
Invocations    | 1 2 |  2.1
Fighting       | 2 |  2.2
Dodging        | |  2.9
Fire Magic     | |  0.9

Action                   |  1- 3 |  4- 6 |  7- 9 | 10-12 || total
-------------------------+-------+-------+-------+-------++-------
Melee: Unarmed           |    87 |    95 |   285 |    66 ||   533
       Constrict         |    25 |    19 |    34 |     7 ||    85
       Kick              |    23 |    22 |    39 |     1 ||    85
       Punch             |     4 |       |     1 |     4 ||     9
       Tentacles         |     6 |    17 |    20 |    16 ||    59
 Cast: Beastly Appendage |    22 |    20 |    12 |     1 ||    55
       Spider Form       |       |     4 |    23 |       ||    27
       Magic Dart        |       |       |    15 |       ||    15
       Sticks to Snakes  |       |       |    29 |     9 ||    38
       Ice Form          |       |       |     4 |     1 ||     5
       Blade Hands       |       |       |     5 |    15 ||    20
       Mephitic Cloud    |       |       |       |     2 ||     2
       Blink             |       |       |       |     2 ||     2
 Abil: End Transformatio |       |     1 |     7 |     6 ||    14
  Use: Scroll            |       |     5 |     7 |     2 ||    14
       Potion            |       |       |     2 |     2 ||     4
 Stab: Sleeping          |     7 |     7 |    11 |     4 ||    29
       Distracted        |       |       |     1 |       ||     1
  Eat: Chunk             |     3 |     7 |    14 |     2 ||    26
       Ration            |       |       |     2 |     1 ||     3
Armor: Skin              |    11 |     4 |    17 |     3 ||    35
Dodge: Dodged            |    59 |    52 |   189 |    34 ||   334
